 Dungeon Crawl Stone Soup version 0.29-a0-330-g52719c12eb (webtiles) character file.

Game seed: 12396678914447440149

47 tilp the Chiller (level 3, -5/15 HPs)
             Began as a Felid Ice Elementalist on Apr 22, 2022.
             Killed by nerve-wracking pain
             ... invoked by Jessica
              (8 damage)
             ... on level 2 of the Dungeon.
             The game lasted 00:02:11 (1719 turns).

tilp the Chiller (Felid Ice Elementalist)           Turns: 1719, Time: 00:02:11

Health: -5/15      AC:  1    Str:  4    XL:     3   Next: 48%
Magic:  3/7        EV: 17    Int: 18    God:
Gold:   56         SH:  0    Dex: 16    Spells: 2/6 levels left
                                        Lives:  0   Deaths: 0

rFire   . . .      SeeInvis +   (weapon unavailable)
rCold   . . .      Faith    .   (shield unavailable)
rNeg    . . .      Spirit   .   (body armour unavailable)
rPois   .          Reflect  .   (helmet unavailable)
rElec   .          Harm     .   (cloak unavailable)
rCorr   .          Rampage  .   (gloves unavailable)
Will    .....                   (boots unavailable)
Stlth   ++........              (no amulet)
HPRegen 0.05/turn               (no ring)
MPRegen 0.10/turn               (no ring)

@: quick
A: very small, claws 1, fangs 3, see invisible, speed 1, shaggy fur 1, stealthy
paws, no weapons or thrown items, no armour, multi-lived
a: no special abilities


You were on level 2 of the Dungeon.
You visited 1 branch of the dungeon, and saw 2 of its levels.

You collected 56 gold pieces.

Inventory:

Potions
 a - 2 potions of magic
 f - 3 potions of mutation
 h - a potion of berserk rage {unknown}


   Skills:
 + Level 1.3 Fighting
 - Level 2.6 Dodging
 - Level 2.6 Stealth
 + Level 2.4 Spellcasting
 * Level 4.2 Ice Magic


You had 2 spell levels left.
You knew the following spells:

 Your Spells              Type           Power      Damage    Failure   Level
a - Freeze                Ice            68%        1d8       3%          1
b - Frozen Ramparts       Ice            34%        1d5       9%          3

Your spell library contained the following spells:

 Spells                   Type           Power      Damage    Failure   Level
 Animate Skeleton         Necr           4%         N/A       17%         1
 Pain                     Necr           8%         1d4       17%         1
 Ozocubu's Armour         Ice            17%        N/A       9%          3
 Vampiric Draining        Necr           2%         2d6       45%         3
 Hailstorm                Conj/Ice       9%         3d4       56%         4
 Metabolic Englaciation   Hex/Ice        4%         N/A       89%         5
 Simulacrum               Ice/Necr       4%         N/A       100%        6


Dungeon Overview and Level Annotations

Branches:
Dungeon (2/15)

Altars:

Annotations:
D:2 Jessica


Innate Abilities, Weirdness & Mutations

You have sharp claws.
You have razor-sharp teeth.
You have supernaturally acute eyesight. (SInv)
You cover ground quickly. (Speed+)
You are covered in fur. (AC +1)
Your paws help you pounce on unaware monsters.
You are incapable of wielding weapons or throwing items.
You cannot wear armour.
You gain extra lives every three experience levels.


Message History

Confirm with . or Enter, or press ? or * to list all spells.
The spell is extremely dangerous to miscast (9% risk of failure)!
Continue anyway?
Casting: Frozen Ramparts (extremely dangerous; 9% risk of failure)
Press: ? - help, Dir - look around, f - activate The walls around you are covered in ice.
The wall freezes Jessica.
Unknown command.
You scratch Jessica but do no damage.
Jessica is lightly wounded.
The wall freezes Jessica.
Jessica hits you with a +6 dagger of venom!
Ouch! That really hurt!
* * * LOW HITPOINT WARNING * * *
You are lethally poisoned!
Casting: Frozen Ramparts (extremely dangerous; 9% risk of failure)
Confirm with . or Enter, or press ? or * to list all spells.
Aiming: Freeze (safe; 3% risk of failure)
Press: ? - help, Shift-Dir - straight line, f - Jessica
Aim: Jessica, wielding a +6 dagger of venom and wearing a +0 robe (moderately wounded)
You freeze Jessica.
Jessica is severely wounded.
* * * LOW HITPOINT WARNING * * *
You feel very sick.
The wall freezes Jessica.
Jessica mumbles some strange words.
Jessica blinks!
Unknown command.
You feel better.
Unknown command.
Jessica casts a spell at you. Pain shoots through your body!
Ouch! That really hurt!
* * * LOW HITPOINT WARNING * * *
Unknown command.
Unknown command.
The frozen ramparts melt away.
Jessica gestures at you while chanting. Pain shoots through your body!
Ouch! That really hurt!
You die...

###### #....#
########.@..######
.....>.@...[......
#########.........
##....#### ###
#†.......
#..#######....###.
###...........#.#
#........####.#.###
..#....#†..........
...###.)<†.........


You could see Jessica.

Vanquished Creatures
  A dart slug (D:1)
  2 ball pythons (D:2)
  4 endoplasms
  A giant cockroach (D:1)
  6 goblins
  5 hobgoblins (D:1)
  2 jackals (D:1)
  2 kobolds
  3 quokkas (D:1)
  5 bats
  6 frilled lizards
  2 rats
39 creatures vanquished.

Notes
Turn   | Place    | Note
-------+----------+-------------------------------------------
     0 | D:1      | tilp the Felid Ice Elementalist began the quest for the
                  | Orb.
     0 | D:1      | Reached XP level 1. HP: 7/7 MP: 4/4
   291 | D:1      | Reached XP level 2. HP: 12/12 MP: 3/6
   808 | D:1      | Reached skill level 4 in Ice Magic
   890 | D:1      | Reached skill level 1 in Fighting
  1061 | D:1      | Found a faded altar of an unknown god.
  1110 | D:1      | Reached XP level 3. HP: 12/15 MP: 1/7
  1114 | D:1      | Learned a level 3 spell: Frozen Ramparts
  1659 | D:2      | Noticed Jessica
  1719 | D:2      | Killed from afar by Jessica

Illustrated notes

Levels and vault maps discovered:
D:1:      shiori_arrival_maze, layout_basic, chequers_ecumenical_altar_simple
D:2:      layout_rooms, basic_altar, glass_columns_c, minmay_quadrilaterals,
          uniq_jessica, uniq_natasha

Skill      XL: |  1  2 |
---------------+-------+-----
Ice Magic      | 4 |  4.2
Fighting       | 1 |  1.3
Dodging        | |  2.6
Stealth        | |  2.6
Spellcasting   | |  2.4

Action                   || total
-------------------------++-------
Melee: Unarmed           ||    16
       Bite              ||     1
 Cast: Freeze            ||    48
       Frozen Ramparts   ||     4
  Use: Scroll            ||     5
       Potion            ||     1
 Stab: Sleeping          ||     7
Armor: Skin              ||     4
Dodge: Dodged            ||    42

Table legend: (Time is in decaauts)
 A = Elapsed time spent in this place.
 B = Non-inter-level travel time spent in this place.
 C = Inter-level travel time spent in this place.
 D = Time resting spent in this place.
 E = Time spent auto-exploring this place.
 F = Levels seen in this place.
 G = Mean time per level.
                   A        B        C        D        E       F      G
               +--------+--------+--------+--------+--------+-----+--------+
         Total |   1608 |   1595 |     13 |    541 |    820 |   2 |  804.0 |
       Dungeon |   1608 |   1595 |     13 |    541 |    820 |   2 |  804.0 |
               +--------+--------+--------+--------+--------+-----+--------+

Top non-repeatable levels by time:
     D:1: 1411 daAuts
     D:2: 197 daAuts
